 Dungeon Sprint DCSS version 0.26-a0-639-g72c4674329 (webtiles) character file.

Game seed: 10471922875599597186

7338 HoaS the Brawler (level 11, -4/102 HPs)
             Began as a Ghoul Gladiator on Sept 18, 2020.
             Was the Champion of Makhleb.
             Slain by a yaktaur captain
             ... wielding a +4 rapier of speed
              (8 damage)
             ... in the Dungeon (Sprint V: "Ziggurat Sprint").
             The game lasted 00:10:09 (627 turns).

HoaS the Brawler (Ghoul Gladiator)                   Turns: 627, Time: 00:10:10

Health: -4/102     AC: 35    Str: 26    XL:     11   Next: 13%
Magic:  10/10      EV: 12    Int:  3    God:    Makhleb [******]
Gold:   0          SH:  0    Dex: 12    Spells: 10/10 levels left

rFire    . . .     SeeInvis .     - Unarmed
rCold    + . .     Faith    .   (no shield)
rNeg     + + +     Spirit   .   D - +15 Maxwell's patent armour {-Cast -Tele rElec MR+ rCorr}
rPois    ∞         Reflect  .   b - +0 helmet
rElec    +         Harm     .   o - +0 cloak {Stlth+}
rCorr    +         Rampage  .   (no gloves)
MR       +....     NoTele   +   (no boots) Stlth ..........NoCast +
                                (no amulet)
HPRegen  0.00/turn              y - +6 ring of strength
MPRegen  0.12/turn              w - +4 ring of protection

@: mighty
A: rotting body, claws 1, cold resistance 1, negative energy resistance 3,
inhibited regeneration, torment resistance, unbreathing
a: Minor Destruction, Lesser Servant of Makhleb, Major Destruction, Greater
Servant of Makhleb, Renounce Religion


You were in the Dungeon.
You worshipped Makhleb.
Makhleb was exalted by your worship.
You visited 1 branch

Inventory:

Missiles
 c - 3 throwing nets (quivered)
Armour
 b - a +0 helmet (worn)
 o - a +0 cloak of stealth (worn)
 D - the +15 Maxwell's patent armour (worn) {-Cast -Tele rElec MR+ rCorr}
   (You found it in the Dungeon)

   It insulates you from electricity.
   It affects your resistance to hostile enchantments.
   It prevents spellcasting.
   It prevents most forms of teleportation.
   It provides partial protection from all sources of acid and corrosion.
 E - a +5 crystal plate armour
Jewellery
 a - the ring "Jimec" {Str+4 Int+6 Dex+4}
   (You found it in the Dungeon)

   [ring of intelligence]

   It affects your strength (+4).
   It affects your intelligence (+6).
   It affects your dexterity (+4).
 g - the ring of the Philosopher {rC+ rN+}
   (You found it in the Dungeon)

   [ring of protection from cold]

   It protects you from cold.
   It protects you from negative energy.
 i - a cursed ring of protection from fire
 l - the ring "Fuawnaid" {+Fly Str+3 Int+3}
   (You found it in the Dungeon)

   [ring of flight]

   It affects your strength (+3).
   It affects your intelligence (+3).
   It lets you fly.
 t - an uncursed ring of flight
 u - a +6 ring of dexterity
 v - a +6 ring of dexterity
 w - a +4 ring of protection (right claw)
 x - the ring of Kemamo {rN+++ Str-4 Int-3 Slay+4 SInv}
   (You found it in the Dungeon)

   [ring of see invisible]

   It affects your strength (-4).
   It affects your intelligence (-3).
   It affects your accuracy and damage with ranged weapons and melee attacks
   (+4).
   It renders you almost immune to negative energy.
   It lets you see invisible.
 y - a +6 ring of strength (left claw)
 z - a +6 ring of strength
 F - an uncursed ring of protection from cold
 H - the amulet of Kufellou {Reflect rElec SH+5}
   (You found it in the Dungeon)

   [amulet of reflection]

   It shields you and reflects attacks.
   It insulates you from electricity.
   It affects your SH (+5).
Wands
 A - a wand of disintegration (7)
 B - a wand of iceblast (7)
 C - a wand of acid (7)
Scrolls
 h - 4 scrolls of blinking
 p - 6 scrolls of fog
 q - 5 scrolls of identify
 r - 5 scrolls of remove curse
 s - 2 scrolls of fear
 G - a scroll of brand weapon
Potions
 d - 10 potions of curing
 e - 8 potions of heal wounds
 f - 5 potions of haste
 j - 2 potions of invisibility
 k - 4 potions of resistance
 m - 6 potions of stabbing
 n - 3 potions of might


   Skills:
 + Level 11.0 Fighting
 - Level 1.7 Throwing
 + Level 9.1 Armour
 + Level 9.6 Dodging
 * Level 20.5 Unarmed Combat


You had 10 spell levels left.
You didn't know any spells.
Your spell library was empty.

Dungeon Overview and Level Annotations

Branches:
Dungeon (1/1)

Altars:
Ashenzari
Cheibriados
Dithmenos
Elyvilon
Fedhas
Gozag
Hepliaklqana
Kikubaaqudgha
Makhleb
Nemelex Xobeh
Okawaru
Qazlal
Ru
Sif Muna
Trog
Uskayaw
Vehumet
Wu Jian
Xom
Yredelemnul
Zin
The Shining One
Beogh
Jiyva
Lugonu

Annotations:
D 1 transporter


Innate Abilities, Weirdness & Mutations

Your body is rotting away.
You thrive by killing the living.
You are immune to poison.
You have sharp fingernails.
Your flesh is cold resistant. (rC+)
You are immune to negative energy. (rN+++)
You do not regenerate when monsters are visible.
You are immune to unholy pain and torment.
You can survive without breathing.


Message History

The yaktaur captain hits you but does no damage.
You miss the deep elf master archer.
The deep elf master archer shoots an arrow.
The arrow closely misses you.
The centaur unwields a +0 shortbow.
The centaur hits you but does no damage.
The stone giant hits you but does no damage.
You miss the deep elf master archer. You claw the deep elf master archer.
The deep elf master archer is lightly wounded.
The yaktaur captain barely misses you.
The deep elf master archer shoots an arrow.
The arrow hits you but does no damage.
The centaur hits you but does no damage.
You mangle the deep elf master archer!!
The deep elf master archer is heavily wounded.
The deep elf master archer shoots an arrow.
The arrow hits you.
* * * LOW HITPOINT WARNING * * *
The stone giant closely misses you.
The yaktaur captain hits you with a +4 rapier of speed!
You die...

▓.......†.▓...†...▓
▓.▓.....▓†▓.......▓
▓....©†.†.▓...©...▓
▓▓▓▓▓▓▓▓▓▓▓▓▓▓▓▓▓▓▓▓▓
▓...8©8...▓...8©8...▓
▓..[[)})..▓..))..}..▓
▓..[:cc...▓...:[|:..▓
▓..CCceC..▓.........▓
▓...c@....▓.........▓
▓...c(....▓.........▓
▓....(....▓........)▓
▓....(....▓.▓.....▓)▓
▓(▓..(..▓.▓....©..(.▓
▓..(.©(...▓▓▓▓▓▓▓▓▓▓▓
▓▓▓▓▓▓▓▓▓▓▓


You could see 2 stone giants, a yaktaur captain, a deep elf master archer, a
centaur warrior, a cyclops, 2 yaktaurs and a centaur.

Vanquished Creatures
  3 two-headed ogres (D)
  A centaur warrior (D)
  A cyclops (D)
  A cane toad (D)
  A rime drake (D)
  2 yaktaurs (D)
  A troll (D)
  A wind drake (D)
  3 spriggans (D)
  4 air elementals (D)
  2 steam dragons (D)
  2 basilisks (D)
  A porcupine (D)
  A swamp drake (D)
  An orc warrior (D)
  A black bear (D)
  3 wolves (D)
  A centaur (D)
  4 ogres (D)
  2 phantoms (D)
  A wight (D)
  6 crimson imps (D)
  A quasit (D)
  An orc wizard (D)
  2 orc priests (D)
  2 iguanas (D)
  A river rat (D)
  2 orcs (D)
  A bat skeleton (D)
  A jackal (D)
54 creatures vanquished.

Vanquished Creatures (others)
  A sixfirhy (D)
  2 large abominations (D)
  A smoke demon (D)
  An insubstantial wisp (D)
5 creatures vanquished.

Grand Total: 59 creatures vanquished

Notes
Turn   | Place    | Note
-------+----------+-------------------------------------------
     0 | D        | HoaS the Ghoul Gladiator began the quest for the Orb.
     0 | D        | Reached XP level 1. HP: 17/17 MP: 0/0
     0 | D        | Found a shimmering blue altar of Sif Muna.
     0 | D        | Found a sacrificial altar of Ru.
     0 | D        | Found a bloodstained altar of Trog.
     0 | D        | Found a stormy altar of Qazlal.
     0 | D        | Found an iron altar of Okawaru.
     0 | D        | Found a sparkling altar of Nemelex Xobeh.
     0 | D        | Found a blossoming altar of Fedhas.
     1 | D        | Found the +6 Majin-Bo {vamp, MP+6 Int+6}
     1 | D        | Found the +9 heavy crossbow "Sniper" {vorpal, Acc+∞ SInv}
     1 | D        | Found the +10 dark maul {vorpal}
     1 | D        | Found the +15 Maxwell's patent armour {-Cast -Tele rElec
                  | MR+ rCorr}
     1 | D        | Found the +18 shield of the Gong {rElec rN+ MR+ EV-5}
     1 | D        | Found the cursed +14 obsidian axe {vorpal, +Fly SInv
                  | *Curse}
     1 | D        | Found the +7 great mace "Firestarter" {inner flame, rF++}
     1 | D        | Found the +6 shillelagh "Devastator" {shatter}
     1 | D        | Found the +11 plutonium sword {*Contam Stlth-}
     1 | D        | Found the +8 lance "Wyrmbane" {slay drac, rPois rF+ rC+
                  | AC+3}
     1 | D        | Found the +9 sword of Zonguldrok {reap}
     1 | D        | Found the cursed +13 scythe of Curses {drain, *Curse}
     1 | D        | Found the +0 sword of Power
     1 | D        | Found the +7 mace of Variability {chain chaos}
     1 | D        | Found the +7 Singing Sword {vorpal, sonic wave}
     1 | D        | Found the +8 storm bow {elec, penet}
     2 | D        | Found a transporter.
     2 | D        | Found an ancient bone altar of Kikubaaqudgha.
     2 | D        | Found a viscous altar of Jiyva.
     2 | D        | Found a corrupted altar of Lugonu.
     2 | D        | Found a hazy altar of Hepliaklqana.
     2 | D        | Found a burning altar of Makhleb.
     2 | D        | Found an opulent altar of Gozag.
    45 | D        | Became a worshipper of Makhleb the Destroyer
    48 | D        | Reached skill level 8 in Unarmed Combat
    48 | D        | Reached XP level 2. HP: 24/24 MP: 1/1
    89 | D        | Entered arena 2.
    89 | D        | Found a transporter.
    99 | D        | Reached skill level 9 in Unarmed Combat
    99 | D        | Reached XP level 3. HP: 29/29 MP: 2/2
   106 | D        | Entered arena 3.
   106 | D        | Noticed a yaktaur
   106 | D        | Noticed a yaktaur
   106 | D        | Noticed a centaur
   106 | D        | Found a transporter.
   116 | D        | Killed a yaktaur
   116 | D        | Reached * piety under Makhleb
   116 | D        | Reached skill level 14 in Unarmed Combat
   116 | D        | Reached XP level 4. HP: 36/36 MP: 3/3
   116 | D        | Reached XP level 5. HP: 41/41 MP: 4/4
   116 | D        | Reached XP level 6. HP: 48/48 MP: 5/5
   118 | D        | Reached skill level 15 in Unarmed Combat
   119 | D        | Killed a yaktaur
   119 | D        | Reached skill level 16 in Unarmed Combat
   119 | D        | Reached skill level 1 in Armour
   119 | D        | Reached XP level 7. HP: 56/56 MP: 6/6
   122 | D        | Got the ring "Jimec" {Str+4 Int+6 Dex+4}
   130 | D        | Entered arena 4.
   130 | D        | Noticed a steam dragon
   130 | D        | Noticed a steam dragon
   130 | D        | Noticed a rime drake
   130 | D        | Found a transporter.
   133 | D        | Killed a steam dragon
   133 | D        | Reached ** piety under Makhleb
   138 | D        | Killed a rime drake
   138 | D        | Reached XP level 8. HP: 49/67 MP: 7/7
   143 | D        | Reached skill level 5 in Fighting
   169 | D        | Killed a large abomination
   201 | D        | Entered arena 5.
   201 | D        | Found a transporter.
   202 | D        | Reached *** piety under Makhleb
   206 | D        | Reached skill level 17 in Unarmed Combat
   211 | D        | Reached skill level 5 in Dodging
   227 | D        | Entered arena 6.
   227 | D        | Noticed a spriggan
   227 | D        | Noticed a spriggan
   227 | D        | Noticed a spriggan
   227 | D        | Found a transporter.
   228 | D        | Identified the +5 falchion "Utaibleips" {speed, rElec}
   238 | D        | Reached **** piety under Makhleb
   245 | D        | Killed a spriggan
   247 | D        | Killed a spriggan
   247 | D        | Reached skill level 5 in Armour
   247 | D        | Reached XP level 9. HP: 78/78 MP: 8/8
   250 | D        | Reached ***** piety under Makhleb
   260 | D        | Got the ring of the Philosopher {rC+ rN+}
   286 | D        | Entered arena 7.
   293 | D        | Reached skill level 18 in Unarmed Combat
   304 | D        | Found a transporter.
   318 | D        | Got the ring "Fuawnaid" {+Fly Str+3 Int+3}
   331 | D        | Entered arena 8.
   331 | D        | Noticed a wind drake
   332 | D        | Found a transporter.
   334 | D        | Killed a wind drake
   342 | D        | Reached ****** piety under Makhleb
   358 | D        | Got the ring of Kemamo {rN+++ Str-4 Int-3 Slay+4 SInv}
   438 | D        | Killed a sixfirhy
   469 | D        | Killed a smoke demon
   480 | D        | Entered arena 9.
   481 | D        | Found a transporter.
   519 | D        | Entered arena 10.
   519 | D        | Noticed a cane toad
   531 | D        | Killed a cane toad
   531 | D        | Reached XP level 10. HP: 70/90 MP: 9/9
   544 | D        | Reached skill level 19 in Unarmed Combat
   545 | D        | Found a transporter.
   569 | D        | Entered arena 11.
   569 | D        | Noticed a two-headed ogre
   569 | D        | Noticed a two-headed ogre
   569 | D        | Noticed a cyclops
   569 | D        | Noticed a two-headed ogre
   578 | D        | Killed a two-headed ogre
   585 | D        | Killed a two-headed ogre
   585 | D        | Reached skill level 10 in Fighting
   593 | D        | Killed a cyclops
   593 | D        | Reached skill level 20 in Unarmed Combat
   596 | D        | Found a transporter.
   599 | D        | Killed a two-headed ogre
   599 | D        | Reached XP level 11. HP: 101/101 MP: 10/10
   608 | D        | Got the amulet of Kufellou {Reflect rElec SH+5}
   617 | D        | Entered arena 12.
   617 | D        | Noticed a deep elf master archer
   617 | D        | Noticed a yaktaur captain
   617 | D        | Noticed a centaur warrior
   617 | D        | Noticed a stone giant
   618 | D        | Noticed a centaur warrior
   618 | D        | Noticed a cyclops
   618 | D        | Noticed a stone giant
   619 | D        | Found a transporter.
   624 | D        | Killed a centaur warrior
   627 | D        | HP: 4/102 [deep elf master archer/arrow (3)]
   627 | D        | Slain by a yaktaur captain

Illustrated notes

Levels and vault maps discovered:
D:        sprint_v [room_start, room_1, room_2, room_3, room_4, room_5, room_6,
          room_7, room_8, room_9, room_10, room_11, room_12, room_13, room_14,
          room_15, room_16, room_17, room_18, room_19, room_20, room_21,
          room_22, room_23, room_24, room_25, room_26, room_27]

Skill      XL: |  1  2  3  4  5  6  7  8  9 10 11 |
---------------+----------------------------------+-----
Unarmed Combat | 8 9 14 16 17 18 20 | 20.5
Armour         | 1 3 5 6 8 9 |  9.1
Dodging        | 3 4 5 7 9 |  9.6
Fighting       | 4 6 8 10 11 | 11.0
Throwing       | |  1.7

Action                   |  1- 3 |  4- 6 |  7- 9 | 10-12 || total
-------------------------+-------+-------+-------+-------++-------
Melee: Unarmed           |    15 |     3 |    98 |    46 ||   162
       Punch             |     1 |       |     7 |     5 ||    13
  Use: Potion            |     4 |       |       |     2 ||     6
       Scroll            |       |       |     1 |       ||     1
Armor: Plate armour      |    23 |     2 |   122 |    37 ||   184
Dodge: Dodged            |    15 |     4 |    69 |    35 ||   123

Table legend: (Time is in decaauts)
 A = Elapsed time spent in this place.
 B = Non-inter-level travel time spent in this place.
 C = Inter-level travel time spent in this place.
 D = Time resting spent in this place.
 E = Time spent auto-exploring this place.
 F = Levels seen in this place.
 G = Mean time per level.
                   A        B        C        D        E       F      G
               +--------+--------+--------+--------+--------+-----+--------+
         Total |    554 |    554 |      0 |    161 |      4 |   1 |  554.0 |
       Dungeon |    554 |    554 |      0 |    161 |      4 |   1 |  554.0 |
               +--------+--------+--------+--------+--------+-----+--------+

Top non-repeatable levels by time:
       D: 554 daAuts
